 Dungeon Crawl Stone Soup version 0.30-a0-760-g5a9884bb7c (webtiles) character file.

Game seed: 5016720089688138334

1145 Dittersdorf the Shield-Bearer (level 8, -3/51 HPs)
             Began as a Gargoyle Fighter on Feb 10, 2023.
             Was a Follower of Okawaru.
             Slain by a gnoll bouda
             ... wielding a +0 whip
              (4 damage)
             ... while paralysed by Grinder
             ... on level 5 of the Dungeon.
             The game lasted 00:05:59 (3652 turns).

Dittersdorf the Shield-Bearer (Gargoyle Fighter)    Turns: 3652, Time: 00:06:00

Health: -3/51      AC: 18    Str: 28    XL:     8   Next: 37%
Magic:  8/8        EV:  2    Int:  9    God:    Okawaru [*.....]
Gold:   291        SH:  0    Dex:  9    Spells: 7/7 levels left

rFire   + + +      SeeInvis .    k - +1 morningstar
rCold   + + .      Faith    .    c - +1 buckler
rNeg    + . .      Spirit   .    f - +4 ring mail of Dawn {Rampage rF+++ Slay+2 Stlth+}
rPois   ∞          Reflect  .    (no helmet)
rElec   +          Harm     .    e - +1 cloak of the Quahog {rC++}
rCorr   +          Rampage  +    (no gloves)
Will    .....                    (no boots)
Stlth   +                        (no amulet)
HPRegen 0.28/turn                s - ring of resist corrosion
MPRegen 0.11/turn                t - +6 ring of strength

@: paralysed, weakened
A: sickness immunity, AC +5, negative energy resistance 1, electricity
resistance, torment resistance 1, petrification resistance
a: Renounce Religion, Heroism


You were on level 5 of the Dungeon.
You worshipped Okawaru.
Okawaru was aware of your devotion.
You visited 2 branches of the dungeon, and saw 6 of its levels.

You collected 291 gold pieces.

Inventory:

Hand Weapons
 k - a +1 morningstar (weapon)
Missiles
 i - 2 curare-tipped darts (quivered)
Armour
 c - a +1 buckler (worn)
 e - the +1 cloak of the Quahog (worn) {rC++}
   (You acquired it on level 4 of the Dungeon)

   rC:        It greatly protects you from cold.
 f - the +4 ring mail of Dawn (worn) {Rampage rF+++ Slay+2 Stlth+}
   (You found it on level 5 of the Dungeon)

   Slay:      It affects your accuracy & damage with ranged weapons and melee
   (+2).
   rF:        It renders you almost immune to fire.
   Rampage:   It bestows one free step when moving towards enemies.
   Stlth:     It makes you more stealthy.
 w - a +0 chain mail
Jewellery
 b - a ring of positive energy
 s - a ring of resist corrosion (left hand)
 t - a +6 ring of strength (right hand)
Potions
 a - a potion of heal wounds
 d - a potion of might
 g - 4 potions of lignification {unknown}
 h - 2 potions of invisibility {unknown}
 j - 2 potions of haste
 l - a potion of curing
 n - a potion of magic
 p - a potion of brilliance
 q - 2 potions of resistance


   Skills:
 + Level 6.2 Fighting
 + Level 5.1 Maces & Flails
 + Level 6.2 Armour
 + Level 6.2 Shields


You had 7 spell levels left.
You didn't know any spells.
Your spell library contained the following spells:

 Spells                   Type           Power      Damage    Failure   Level
 Wereblood                Tmut           0%         N/A       73%         2
 Sublimation of Blood     Necr           Unusable   N/A       N/A         2
 Summon Hydra             Summ           Unusable   N/A       N/A         7

Dungeon Overview and Level Annotations

Branches:
Dungeon (5/15)             Temple (1/1) D:4

Altars:
Ashenzari
Cheibriados
Elyvilon
Kikubaaqudgha
Makhleb
Nemelex Xobeh
Okawaru
Ru
Trog
Uskayaw
Vehumet
Yredelemnul
The Shining One

Shops:
D:3 :

Annotations:
D:5 Grinder


Innate Abilities, Weirdness & Mutations

You are immune to sickness and miasma.
Your stone body is resilient. (AC +5)
You are immune to poison.
You resist negative energy. (rN+)
You are resistant to electric shocks. (rElec)
You are resistant to unholy torment.
You are immune to petrification.


Message History

You closely miss Grinder. Grinder hits you.
The gnoll bouda hits you but does no damage.
A necrophage comes into view.
You block Grinder's attack. The gnoll bouda closely misses you.
You closely miss Grinder. Grinder hits you but does no damage.
You block Grinder's attack. The gnoll bouda closely misses you.
You barely miss Grinder. Grinder gestures at you.
You suddenly lose the ability to move!
The gnoll bouda hits you but does no damage.
Grinder hits you! Grinder hits you but does no damage.
The gnoll bouda hits you but does no damage.
Grinder hits you.
You writhe in agony.
The gnoll bouda gazes fiercely through you!
You feel your attacks grow feeble.
The gnoll bouda hits you with a +0 whip.
* * * LOW HITPOINT WARNING * * *
Grinder barely misses you.
You can move again.
You sock Grinder!
Grinder is moderately wounded.
Grinder gestures at you. You resist with some effort.
The gnoll bouda hits you with a +0 whip!
* * * LOW HITPOINT WARNING * * *
Grinder barely misses you.
You thump Grinder!
Grinder is severely wounded.
Grinder blinks!
The gnoll bouda barely misses you.
Grinder blinks!
The gnoll bouda hits you with a +0 whip.
* * * LOW HITPOINT WARNING * * *
The gnoll is no longer moving quickly.
Grinder blinks!
Grinder gestures at you.
You suddenly lose the ability to move!
The gnoll is no longer moving quickly.
The gnoll bouda hits you with a +0 whip.
* * * LOW HITPOINT WARNING * * *
The gnoll bouda hits you with a +0 whip.
You die...

..##.###.# #.#
#.##.# #..
...######.##.# ###
#........)[..#
#.#######.#### # #.#
##.###### #.#. #.#
#.........
##...g###.#
#.#.######
(....Ogog@######.#.#
##...n###.5§..†..#>#
#.#. #..........# #
#######..### #..#
.|.# ##.# #.# .#


You could see Grinder (fast), an ogre, a necrophage, a gnoll bouda, 2 gnolls and
an orc.

Vanquished Creatures
  Sigmund (D:3)
  4 ogres
  A phantom (D:5)
  2 necrophages
  2 scorpions (D:4)
  A jelly (D:4)
  2 hounds
  2 iguanas
  An orc wizard (D:3)
  4 adders
  6 gnolls
  An ufetubus (D:4)
  A dart slug (D:1)
  4 orcs (D:3)
  8 ball pythons
  9 endoplasms
  2 giant cockroaches
  8 goblins
  7 hobgoblins
  9 quokkas
  5 bats
  3 frilled lizards
  6 kobolds
  3 rats
92 creatures vanquished.

Notes
Turn   | Place    | Note
-------+----------+-------------------------------------------
     0 | D:1      | Dittersdorf the Gargoyle Fighter began the quest for the
                  | Orb.
     0 | D:1      | Reached XP level 1. HP: 14/14 MP: 1/1
   125 | D:1      | Reached XP level 2. HP: 19/19 MP: 2/2
   369 | D:1      | You fall into a shaft and drop 1 floor!
   370 | D:2      | yay!
   413 | D:2      | Reached XP level 3. HP: 21/23 MP: 3/3
  1240 | D:1      | Reached XP level 4. HP: 21/29 MP: 4/4
  1280 | D:2      | Found the +12 pair of quick blades "Gyre" and "Gimble"
                  | {protect}
  1316 | D:2      | Noticed an ogre
  1323 | D:2      | Killed an ogre
  1324 | D:2      | Reached XP level 5. HP: 34/34 MP: 5/5
  1703 | D:3      | Found Omearchibb's Book Boutique.
  1716 | D:3      | Noticed Sigmund
  1724 | D:3      | Killed Sigmund
  1725 | D:3      | Reached XP level 6. HP: 30/40 MP: 6/6
  2076 | D:3      | Found a faded altar of an unknown god.
  2489 | D:4      | Found a staircase to the Ecumenical Temple.
  2497 | Temple   | Entered the Ecumenical Temple
  2515 | Temple   | Became a worshipper of Warmaster Okawaru
  2520 | Temple   | Reached skill level 5 in Fighting
  2520 | Temple   | Reached skill level 5 in Armour
  2520 | Temple   | Reached skill level 5 in Shields
  2551 | D:4      | Reached XP level 7. HP: 40/44 MP: 7/7
  2897 | D:4      | Found a hide-covered altar of Uskayaw.
  2902 | D:4      | Identified a scroll of acquirement
  2902 | D:4      | Acquired the +1 cloak of the Quahog {rC++}
  3472 | D:5      | Entered Level 5 of the Dungeon
  3494 | D:5      | Reached * piety under Okawaru
  3495 | D:5      | Reached XP level 8. HP: 14/51 MP: 8/8
  3538 | D:5      | Identified the +4 ring mail of Dawn {Rampage rF+++ Slay+2
                  | Stlth+}
  3604 | D:5      | Reached skill level 5 in Maces & Flails
  3613 | D:5      | Noticed Grinder
  3644 | D:5      | Paralysed by Grinder for 3 turns
  3650 | D:5      | Paralysed by Grinder for 5 turns
  3651 | D:5      | HP: 1/51 [gnoll bouda/+0 whip (3)]
  3652 | D:5      | Slain by a gnoll bouda

Illustrated notes

. ...
.....######
.......@..#
......##.##
..... .#
.... .# ...
.# .. .# .
.# .#


Turn 370 on D:2: yay!

Levels and vault maps discovered:
D:1:      lightli_arrival_quake, layout_loops_ring, grunt_decor_clamped,
          hangedman_decor_diamond_cutter
D:2:      layout_basic
D:3:      layout_loops_ring, shapermc_ecumenical_altar_mp_urbaneastern,
          serial_shops, shop, uniq_sigmund
D:4:      layout_cave_pods, eat_drink_and_be_merry_uskayaw,
          minmay_temple_entry_drinking_statues
D:5:      layout_loops_ring, gup_sewer_entry_spiral, kennysheep_small_square,
          uniq_grinder
Temple:   hellmonk_temple_of_storms

Skill      XL: |  1  2  3  4  5  6  7  8 |
---------------+-------------------------+-----
Fighting       | 4 5 6 |  6.2
Armour         | 4 5 6 |  6.2
Shields        | 4 5 6 |  6.2
Maces & Flails | 3 4 5 |  5.1

Action                     |  1- 3 |  4- 6 |  7- 9 || total
---------------------------+-------+-------+-------++-------
  Melee: Flail             |    42 |       |       ||    42
         Morningstar       |    92 |    90 |   103 ||   285
  Throw: Dart              |       |     4 |       ||     4
    Use: Scroll            |       |    10 |     8 ||    18
   Stab: Sleeping          |       |       |     1 ||     1
 Armour: Scale mail        |    83 |    39 |       ||   122
         Chain mail        |       |    30 |    43 ||    73
         Ring mail         |       |       |    11 ||    11
  Dodge: Dodged            |    80 |    48 |    35 ||   163
  Block: Buckler           |    29 |    19 |    23 ||    71

Table legend: (Time is in decaauts)
 A = Elapsed time spent in this place.
 B = Non-inter-level travel time spent in this place.
 C = Inter-level travel time spent in this place.
 D = Time resting spent in this place.
 E = Time spent auto-exploring this place.
 F = Levels seen in this place.
 G = Mean time per level.
                   A        B        C        D        E       F      G
               +--------+--------+--------+--------+--------+-----+--------+
         Total |   3767 |   3472 |    295 |    121 |   2419 |   6 |  627.8 |
       Dungeon |   3725 |   3430 |    295 |    121 |   2419 |   5 |  745.0 |
        Temple |     42 |     42 |      0 |      0 |      0 |   1 |   42.0 |
               +--------+--------+--------+--------+--------+-----+--------+

Top non-repeatable levels by time:
     D:1: 1106 daAuts
     D:4: 1003 daAuts
     D:3: 762 daAuts
     D:2: 655 daAuts
     D:5: 196 daAuts
  Temple: 42 daAuts
